 Dungeon Crawl Stone Soup version 0.31-a0-177-g4aa6249778 (webtiles) character file.

Game seed: 13107991906296626281

105 qw the Shooter (level 4, -7/40 HPs)
             Began as a Naga Hunter on June 18, 2023.
             Mangled by a black bear (12 damage)
             ... on level 3 of the Dungeon.
             The game lasted 00:00:41 (1901 turns).

qw the Shooter (Naga Hunter)                        Turns: 1901, Time: 00:00:42

Health: -7/40      AC:  2    Str: 14    XL:     4   Next: 81%
Magic:  4/4        EV:  9    Int:  9    God:
Gold:   95         SH:  0    Dex: 16    Spells: 3/3 levels left

rFire   . . .        Y - +0 shortbow
rCold   . . .        (shield currently unavailable)
rNeg    . . .        c - +0 leather armour
rPois   +            (helmet restricted)
rElec   .            (no cloak)
rCorr   .            (no gloves)
SInv    +            (no barding)
Will    .....        (no amulet)
Stlth   ++           (no ring)
HPRegen 0.26/turn    (no ring)
MPRegen 0.09/turn

%: no passive effects
@: about to teleport, short of breath, very slow
A: AC +1, large, see invisible, deformed body, poison resistance, slowness 2,
spit poison 1, naga tail 1, antennae 1, screaming 1
a: Spit Poison


You were on level 3 of the Dungeon.
You visited 1 branch of the dungeon, and saw 3 of its levels.

You collected 137 gold pieces.
You spent 42 gold pieces at shops.


Innate Abilities, Weirdness & Mutations

Your serpentine skin is tough. (AC +1)
You have supernaturally acute eyesight. (SInv)
Armour fits poorly on your strangely shaped body.
Your system is resistant to poisons. (rPois)
You cover ground very slowly.
You can spit poison.
You have a snake-like lower body.
You have a pair of small antennae on your head.
You occasionally shout uncontrollably at your foes.


   Skills:
 + Level 2.9 Fighting
 - Level 5.0 Ranged Weapons
 - Level 1.5 Dodging
 - Level 1.5 Stealth


You had 3 spell levels left.
You didn't know any spells.
Your spell library was empty.

Inventory:

Hand Weapons
 Y - a +0 shortbow (weapon)
Armour
 c - a +0 leather armour (worn)
Scrolls
 h - a scroll of identify
Potions
 d - a potion of curing
 i - a potion of might {unknown}
 j - a potion of invisibility {unknown}

Dungeon Overview and Level Annotations

Branches:
Dungeon (3/15)

Altars:

Shops:
D:2 ?


Message History

You kill the ball python!
You open the door.
There is an open door here.
You have got your breath back.
A black bear comes into view.
Enter note: You shoot an arrow.
The arrow hits the black bear.
The black bear is lightly wounded.
Enter note:
1896 ||| INVOKING Spit Poison.
Aiming: Spit Poison (1% risk of failure)
Press: ? - help, Shift-Dir - straight line, f/p - black bear The splash of poison hits the black bear.
The black bear is poisoned.
The black bear is moderately wounded.
You shoot an arrow.
The arrow hits the black bear but does no damage.
The black bear is moderately wounded.
You shoot an arrow. The arrow hits the black bear!
The black bear is severely wounded.
You have got your breath back.
The black bear goes berserk!
1899 ||| INVOKING Spit Poison.
Aiming: Spit Poison (1% risk of failure)
Press: ? - help, Shift-Dir - straight line, f/p - black bear You fail to use your ability.
The black bear bites you! The black bear barely misses you.
The black bear closely misses you.
1900 ||| INVOKING Spit Poison.
Aiming: Spit Poison (1% risk of failure)
Press: ? - help, Shift-Dir - straight line, f/p - black bear The splash of poison misses the black bear.
The black bear bites you! The black bear claws you.
The black bear barely misses you. The black bear bites you!
The black bear claws you. x2
1901 ||| READING scroll of teleportation.
As you read the scroll of teleportation, it crumbles to dust.
You feel strangely unstable. The black bear bites you!
You die...

... .......... ...
......... ...
......... ...
............
#.##............
#..#............
#.h............ #@#
#............ #.#
#............
#.###............
#...'............
#.#####............
#..................
#######............
#............
#....#######.


You could see a black bear (berserk, poisoned).

Vanquished Creatures
  Terence (D:2)
  3 adders (D:2)
  A dart slug (D:3)
  9 ball pythons
  3 bats
  3 endoplasms
  A giant cockroach (D:2)
  9 goblins
  2 hobgoblins
  10 kobolds
  3 quokkas
  2 frilled lizards (D:2)
  3 rats
50 creatures vanquished.

Notes
Turn   | Place    | Note
-------+----------+-------------------------------------------
     0 | D:1      | qw the Naga Hunter began the quest for the Orb.
     0 | D:1      | Reached XP level 1. HP: 19/19 MP: 1/1
     0 | D:1      | 0 ||| qw: Version: 0.3-a-5-g6f28e65
     0 | D:1      | 0 ||| qw: Game counter: 636
     0 | D:1      | 0 ||| qw: Always use a shield: true
     0 | D:1      | 0 ||| qw: God list: Okawaru
     0 | D:1      | 0 ||| qw: Allow faded altars: false
     0 | D:1      | 0 ||| qw: Do Orc after D:15 true
     0 | D:1      | 0 ||| qw: Do second Lair branch before Depths: true
     0 | D:1      | 0 ||| qw: Lair rune preference: random
     0 | D:1      | 0 ||| qw: Plans: Normal
     0 | D:1      | 0 ||| PLANNING D:1-11
    11 | D:1      | 11 ||| INVOKING Spit Poison.
    12 | D:1      | 12 ||| INVOKING Spit Poison.
    15 | D:1      | 15 ||| INVOKING Spit Poison.
    31 | D:1      | 31 ||| DROPPING scroll of butterflies.
    44 | D:1      | 44 ||| INVOKING Spit Poison.
    49 | D:1      | HP: 2/19 [hobgoblin (5)]
    50 | D:1      | 50 ||| INVOKING Spit Poison.
   217 | D:1      | 217 ||| INVOKING Spit Poison.
   220 | D:1      | Reached skill level 4 in Ranged Weapons
   220 | D:1      | Reached XP level 2. HP: 26/26 MP: 2/2
   291 | D:1      | 291 ||| INVOKING Spit Poison.
   292 | D:1      | 292 ||| INVOKING Spit Poison.
   355 | D:1      | 355 ||| INVOKING Spit Poison.
   359 | D:1      | 359 ||| INVOKING Spit Poison.
   363 | D:1      | 363 ||| INVOKING Spit Poison.
   366 | D:1      | 366 ||| INVOKING Spit Poison.
   369 | D:1      | 369 ||| INVOKING Spit Poison.
   379 | D:1      | 379 ||| INVOKING Spit Poison.
   393 | D:1      | 393 ||| INVOKING Spit Poison.
   396 | D:1      | 396 ||| INVOKING Spit Poison.
   416 | D:1      | Found a faded altar of an unknown god.
   488 | D:1      | 488 ||| INVOKING Spit Poison.
   492 | D:1      | 492 ||| INVOKING Spit Poison.
   493 | D:1      | Reached XP level 3. HP: 32/32 MP: 3/3
   497 | D:1      | 497 ||| INVOKING Spit Poison.
   590 | D:1      | 590 ||| INVOKING Spit Poison.
   717 | D:1      | 717 ||| INVOKING Spit Poison.
   760 | D:1      | 760 ||| INVOKING Spit Poison.
   766 | D:1      | 766 ||| UPGRADING to +0 helmet.
   771 | D:1      | 771 ||| READING 2 scrolls labelled MYPEOX JITIPH.
   772 | D:1      | 772 ||| READING scroll labelled TUTAFO HEEKAIQ.
   773 | D:1      | 773 ||| DRINKING 2 red potions.
   774 | D:1      | 774 ||| DROPPING scroll of immolation.
   827 | D:2      | Found Kiejiody's Magic Scroll Emporium.
   836 | D:2      | 836 ||| SHOPLISTING scroll of brand weapon (133 gold, have
                  | 82).
   836 | D:2      | 836 ||| SHOPLISTING scroll of enchant weapon (105 gold,
                  | have 82).
   836 | D:2      | 836 ||| BUYING scroll of teleportation (42 gold).
   836 | D:2      | Bought a scroll of teleportation for 42 gold pieces
   836 | D:2      | 836 ||| SHOPLISTING scroll of teleportation (42 gold, have
                  | 40).
   944 | D:2      | 944 ||| INVOKING Spit Poison.
   971 | D:2      | 971 ||| INVOKING Spit Poison.
  1002 | D:2      | 1002 ||| INVOKING Spit Poison.
  1005 | D:2      | 1005 ||| INVOKING Spit Poison.
  1006 | D:2      | 1006 ||| INVOKING Spit Poison.
  1123 | D:2      | 1123 ||| INVOKING Spit Poison.
  1125 | D:2      | Reached skill level 5 in Ranged Weapons
  1125 | D:2      | Reached XP level 4. HP: 39/39 MP: 4/4
  1266 | D:2      | 1266 ||| INVOKING Spit Poison.
  1283 | D:2      | 1283 ||| INVOKING Spit Poison.
  1512 | D:2      | 1512 ||| INVOKING Spit Poison.
  1734 | D:2      | 1734 ||| READING scroll labelled AGHESS UVVIYTSE.
  1735 | D:2      | 1735 ||| READING 3 scrolls labelled XIRA MEUWN.
  1736 | D:2      | 1736 ||| READING scroll labelled QUINGE UXAKH.
  1737 | D:2      | 1737 ||| DRINKING 2 fuming cyan potions.
  1737 | D:2      | Gained mutation: Your magical capacity is low. (-10% MP)
                  | [potion of mutation]
  1737 | D:2      | Gained mutation: You occasionally lose the ability to read
                  | scrolls when taking damage. [potion of mutation]
  1738 | D:2      | 1738 ||| DRINKING potion of mutation.
  1738 | D:2      | Lost mutation: You occasionally lose the ability to read
                  | scrolls when taking damage. [potion of mutation]
  1738 | D:2      | Lost mutation: Your magical capacity is low. (-10% MP)
                  | [potion of mutation]
  1738 | D:2      | Gained mutation: You occasionally shout uncontrollably at
                  | your foes. [potion of mutation]
  1738 | D:2      | Gained mutation: You have a pair of small antennae on your
                  | head. [potion of mutation]
  1750 | D:2      | 1750 ||| DROPPING +0 helmet.
  1751 | D:2      | 1751 ||| READING 2 scrolls of identify.
  1751 | D:2      | 1751 ||| IDENTIFYING fizzy puce potion
  1752 | D:2      | 1752 ||| DROPPING potion of brilliance.
  1765 | D:3      | Noticed Terence
  1766 | D:3      | 1766 ||| INVOKING Spit Poison.
  1771 | D:3      | 1771 ||| INVOKING Spit Poison.
  1774 | D:3      | 1774 ||| STAIRDANCE
  1776 | D:2      | 1776 ||| INVOKING Spit Poison.
  1777 | D:2      | Killed Terence
  1841 | D:3      | 1841 ||| INVOKING Spit Poison.
  1848 | D:3      | 1848 ||| INVOKING Spit Poison.
  1886 | D:3      | 1886 ||| INVOKING Spit Poison.
  1893 | D:3      | Noticed a black bear
  1896 | D:3      | 1896 ||| INVOKING Spit Poison.
  1899 | D:3      | 1899 ||| INVOKING Spit Poison.
  1900 | D:3      | 1900 ||| INVOKING Spit Poison.
  1900 | D:3      | HP: 9/40 [black bear (4)]
  1900 | D:3      | HP: 4/40 [black bear (5)]
  1901 | D:3      | 1901 ||| READING scroll of teleportation.
  1901 | D:3      | Mangled by a black bear

Levels and vault maps discovered:
D:1:      roderic_crop_circles_arrival_small, layout_basic,
          hellmonk_ecumenical_altar_heavens_door
D:2:      layout_basic, serial_shops, shop
D:3:      layout_basic, lemuel_round_altar, uniq_terence

Skill      XL: |  1  2  3 |
---------------+----------+-----
Ranged Weapons | 4 5 |  5.0
Fighting       | |  2.9
Dodging        | |  1.5
Stealth        | |  1.5

Action                     |  1- 3 |  4- 6 || total
---------------------------+-------+-------++-------
   Fire: Shortbow          |    49 |    29 ||    78
Ability: Spit Poison       |    25 |    11 ||    36
    Use: Scroll            |     2 |     5 ||     7
         Potion            |     1 |     2 ||     3
 Armour: Leather armour    |     2 |       ||     2
  Dodge: Dodged            |     8 |     6 ||    14

Table legend:
 A = Non-vault XP
 B = Vault XP
 C = Vault XP percentage of total XP
 D = Non-vault monster count
 E = Vault monster count
 F = Vault count percentage of total count
                 A         B        C        D         E       F
            +---------+---------+-------+---------+---------+-------
      Total |     114 |      36 |  24.0 |      49 |       1 |   2.0
            +---------+---------+-------+---------+---------+-------
        D:1 |      43 |       0 |   0.0 |      28 |       0 |   0.0
        D:2 |      57 |      36 |  38.7 |      13 |       1 |   7.1
        D:3 |      14 |       0 |   0.0 |       8 |       0 |   0.0
            +---------+---------+-------+---------+---------+-------
